Map: Dusk Towers

Players

Miszu - Winner!

  • Race: Terran Terran
  • League: Grandmaster

IIIIIllll

  • Race: Protoss Protoss
  • League: Master

VOD

Have the link to the VOD?

Description

Time

  • Played on: Feb. 13, 2016, 5:13 p.m.
  • Length: 12:10
Show
View Real Time Build Order
Export as new Build Order

Miszu Terran - Winner!

Build Orders: Command Center First (CC), MMM Bio 

Get SALT Encoding   

  12  0:00  SCV  
  13  0:13  SCV  
  14  0:18  Supply Depot  
  14  0:25  SCV  
  15  0:39  SCV  
  16  0:51  SCV  
  17  1:00  Command Center  
  17  1:03  SCV  
  18  1:13  Barracks  
  18  1:16  SCV  
  19  1:26  Barracks  
  19  1:29  SCV  
  20  1:41  SCV  
  20  1:43  Barracks  
  21  1:53  SCV  
  22  2:00  Marine  
  23  2:06  Orbital Command  
  23  2:12  Orbital Command  
  23  2:14  Marine  
  24  2:17  Marine  
  25  2:31  SCV  
  25  2:32  Marine  
  25  2:33  Marine  
  25  2:35  Marine  
  29  2:38  Refinery  
  29  2:39  Refinery  
  29  2:40  SCV  
  29  2:43  SCV  
  31  2:52  Supply Depot, SCV  
  31  2:53  Marine x2  
  31  2:55  Marine, SCV  
  35  3:00  Supply Depot  
  35  3:04  SCV  
  36  3:07  SCV  
  36  3:12  Barracks Tech Lab  
  37  3:13  Marine x2  
  37  3:16  SCV  
  40  3:23  SCV  
  41  3:28  SCV  
  41  3:29  Marine  
  41  3:30  Stimpack  
  43  3:34  Marine  
  43  3:35  Marine, SCV  
  43  3:41  SCV  
  47  3:49  SCV  
  47  3:50  Factory  
  47  3:53  SCV  
  46  4:01  SCV  
  47  4:05  Engineering Bay, SCV  
  47  4:06  Refinery  
  47  4:08  Marine x2  
  47  4:09  Marine  
  51  4:14  SCV  
  51  4:16  Supply Depot  
  52  4:17  SCV  
  52  4:18  Supply Depot  
  53  4:26  SCV  
  54  4:32  Terran Infantry Weapons Level 1  
  54  4:36  Starport, Factory Reactor  
  54  4:37  Marine x3, SCV  
  54  4:38  SCV  
  59  4:45  Supply Depot  
  58  4:49  SCV  
  58  4:50  SCV, Missile Turret  
  52  4:55  Missile Turret  
  51  5:01  SCV  
  51  5:02  SCV  
  53  5:07  Marine x2  
  53  5:13  SCV  
  56  5:14  SCV  
  57  5:23  Medivac x2  
  57  5:24  Marine  
  57  5:25  Marine  
  57  5:26  SCV  
  57  5:27  SCV  
  65  5:29  Marine  
  65  5:31  Combat Shields  
  66  5:38  SCV  
  67  5:47  Command Center, SCV  
  67  5:49  Barracks Reactor, Barracks Tech Lab  
  68  5:53  Barracks  
  68  5:54  SCV  
  68  5:55  Barracks  
  69  6:06  SCV  
  69  6:08  Refinery  
  69  6:09  SCV  
  69  6:10  Marauder  
  78  6:16  Fusion Core  
  78  6:17  Starport  
  72  6:18  SCV  
  72  6:20  Supply Depot  
  72  6:21  SCV  
  72  6:23  Supply Depot  
  74  6:30  Supply Depot, SCV  
  72  6:42  SCV  
  70  6:47  Liberator x2  
  70  6:48  SCV  
  71  6:54  Starport Tech Lab, SCV  
  71  6:55  Barracks Reactor, Barracks Tech Lab  
  71  6:58  Orbital Command  
  71  7:00  SCV  
  73  7:02  Marine, Marauder x2  
  73  7:03  Concussive Shells  
  73  7:04  Liberator  
  73  7:06  SCV  
  85  7:12  SCV  
  85  7:13  Advanced Ballistics  
  86  7:18  Refinery x2, SCV  
  90  7:24  SCV x2  
  92  7:30  Liberator, SCV  
  92  7:34  Terran Infantry Armor Level 1  
  92  7:36  SCV  
  92  7:37  SCV  
  95  7:42  SCV  
  95  7:44  Marine x6  
  97  7:45  Marine, Liberator  
  97  7:48  SCV  
  97  7:49  SCV  
  107  7:54  SCV, Missile Turret  
  108  7:58  Liberator  
  108  8:00  SCV  
  108  8:01  Marine  
  108  8:02  Marine x2  
  108  8:03  Marauder  
  117  8:13  Supply Depot  
  117  8:14  Supply Depot  
  117  8:15  Marine x3  
  117  8:17  Supply Depot, Liberator  
  123  8:21  Marine  
  123  8:22  Marine  
  125  8:27  Liberator  
  125  8:35  Marauder  
  125  8:39  Marauder  
  125  8:40  Marine  
  125  8:41  Marauder, Liberator  
  135  8:46  Supply Depot  
  135  8:47  Supply Depot x2  
  138  8:52  Marine  
  138  8:53  Marine x2  
  141  9:00  Liberator  
  144  9:06  Marine  
  144  9:07  Marauder  
  144  9:09  Marauder x2  
  151  9:10  Marine, Liberator  
  151  9:20  Marine x2  
  151  9:24  Supply Depot, Marine, Liberator  
  153  9:25  Supply Depot  
  153  9:27  Supply Depot  
  153  9:28  Marauder  
  153  9:30  Marauder  
  161  9:37  Marine  
  161  9:38  Marine x2, Marauder  
  166  9:43  Liberator  
  168  9:53  Liberator  
  168  10:07  Liberator  
  171  10:13  Marine, Marauder  
  171  10:14  Marine x3, Marauder x2  
  184  10:25  Liberator  
  187  10:31  Marine x2  
  187  10:32  Marine x2  
  187  10:34  Command Center  
  187  10:35  Marine, Marauder  
  197  10:54  Barracks  
  197  10:56  Barracks  
  197  10:57  Barracks  
  197  11:00  Marine  
  197  11:01  Marauder  
  197  11:25  Marine, Marauder  
  197  11:41  Marine  
  197  11:42  Marauder  
  197  11:45  Marine  
  197  11:46  Marine, Marauder  
  200  11:48  Engineering Bay  
Show
View Real Time Build Order
Export as new Build Order

IIIIIllll Protoss 

Build Orders: 1 Gate Expand, Oracle Opening 

Get SALT Encoding   

  12  0:01  Probe (Chrono Boost)  
  13  0:11  Probe (Chrono Boost)  
  14  0:18  Pylon  
  14  0:22  Probe (Chrono Boost)  
  15  0:36  Probe (Chrono Boost)  
  15  0:41  Gateway  
  16  0:47  Probe (Chrono Boost)  
  17  0:50  Assimilator  
  17  0:57  Probe (Chrono Boost)  
  18  1:08  Probe (Chrono Boost)  
  19  1:26  Nexus  
  19  1:30  Probe (Chrono Boost)  
  20  1:38  Cybernetics Core  
  20  1:40  Probe (Chrono Boost)  
  21  1:47  Assimilator  
  21  1:52  Probe (Chrono Boost)  
  22  1:57  Pylon  
  22  2:02  Probe (Chrono Boost)  
  23  2:15  Adept (Chrono Boost), Probe (Chrono Boost)  
  26  2:20  Stargate  
  26  2:26  Warp Gate  
  26  2:28  Probe (Chrono Boost)  
  27  2:37  Probe (Chrono Boost)  
  27  2:39  Probe (Chrono Boost)  
  29  2:48  Probe (Chrono Boost)  
  29  2:49  Stalker  
  32  2:52  Probe (Chrono Boost)  
  33  2:58  Probe (Chrono Boost)  
  33  3:03  Oracle (Chrono Boost), Probe (Chrono Boost)  
  38  3:08  Probe  
  39  3:14  Probe  
  39  3:18  Probe  
  40  3:27  Probe  
  42  3:28  Nexus  
  42  3:30  Mothership Core  
  44  3:38  Pylon  
  44  3:39  Probe  
  45  3:43  Pylon  
  45  3:49  Probe  
  46  3:56  Oracle (Chrono Boost)  
  46  3:58  Probe  
  46  4:00  Assimilator, Probe  
  46  4:01  Assimilator  
  51  4:04  Pylon  
  51  4:10  Probe  
  51  4:14  Gateway  
  51  4:15  Twilight Council, Probe  
  53  4:22  Probe  
  54  4:27  Probe  
  54  4:28  Pylon  
  55  4:32  Adept  
  55  4:37  Probe  
  58  4:39  Probe x2  
  60  4:49  Probe x2  
  60  4:52  Robotics Facility  
  62  4:53  Gateway  
  62  4:55  Blink (Chrono Boost)  
  62  4:57  Stalker  
  62  4:58  Probe  
  64  5:02  Probe  
  64  5:03  Probe  
  67  5:09  Probe  
  68  5:16  Probe x2  
  68  5:18  Pylon  
  70  5:24  Stalker x2, Probe  
  75  5:30  Probe  
  75  5:32  Probe  
  77  5:36  Forge, Probe  
  77  5:38  Gateway  
  77  5:40  Observer  
  79  5:44  Probe  
  79  5:45  Probe  
  79  5:48  Probe  
  80  5:50  Assimilator  
  80  5:53  Stalker x2, Assimilator  
  80  5:54  Robotics Bay  
  84  5:57  Probe  
  84  6:01  Probe  
  86  6:09  Immortal (Chrono Boost)  
  86  6:10  Protoss Ground Weapons Level 1 (Chrono Boost), Probe  
  91  6:13  Adept, Pylon  
  91  6:14  Probe  
  91  6:16  Adept  
  91  6:17  Adept  
  98  6:21  Gateway x2  
  98  6:24  Probe  
  98  6:25  Pylon  
  99  6:30  Probe  
  99  6:31  Probe  
  101  6:38  Extended Thermal Lance  
  98  6:45  Colossus (Chrono Boost)  
  101  6:50  Robotics Facility, Photon Cannon  
  101  6:57  Resonating Glaives  
  101  7:03  Forge  
  101  7:06  Adept x2  
  101  7:07  Adept x2, Photon Cannon  
  109  7:14  Photon Cannon  
  109  7:20  Stalker x2  
  113  7:23  Pylon  
  113  7:27  Probe  
  113  7:28  Templar Archives  
  114  7:30  Pylon, Probe  
  114  7:35  Colossus (Chrono Boost)  
  115  7:39  Pylon  
  115  7:41  Pylon  
  121  7:47  Colossus (Chrono Boost), Protoss Ground Armor Level 1 (Chrono Boost)  
  127  7:58  Nexus  
  127  8:00  Pylon  
  127  8:03  Psionic Storm  
  127  8:07  Adept  
  127  8:08  Adept x2  
  127  8:10  Probe  
  134  8:16  High Templar  
  134  8:17  High Templar  
  134  8:18  Adept  
  140  8:21  Archon  
  140  8:25  Probe  
  141  8:29  Immortal (Chrono Boost)  
  145  8:34  Adept x3, Photon Cannon  
  145  8:38  Photon Cannon  
  151  8:41  High Templar  
  151  8:42  Photon Cannon  
  151  8:46  Protoss Ground Weapons Level 2, Probe  
  154  8:54  Pylon  
  154  8:57  Pylon  
  154  8:59  Pylon  
  154  9:00  High Templar  
  156  9:04  Pylon  
  156  9:07  Pylon  
  160  9:10  Immortal (Chrono Boost)  
  160  9:13  Adept x2  
  160  9:14  Adept  
  163  9:17  Probe  
  163  9:21  Probe  
  163  9:22  Probe  
  163  9:23  Probe  
  163  9:24  High Templar x2  
  162  9:27  Warp Prism (Chrono Boost), Assimilator  
  162  9:30  Assimilator  
  167  9:37  Fleet Beacon, Probe  
  168  9:41  Probe  
  168  9:42  Stalker  
  168  9:44  Stalker  
  173  9:56  Stalker x4  
  181  10:08  Probe  
  181  10:14  Stargate  
  182  10:17  Stargate  
  182  10:19  Photon Cannon  
  182  10:22  Pylon  
  182  10:24  Adept x2  
  182  10:25  Adept x2  
  182  10:26  Adept x2  
  191  10:30  Probe  
  191  10:34  Probe  
  187  10:49  Probe  
  188  10:52  Probe  
  188  10:54  Probe  
  190  11:02  Nexus  
  190  11:07  High Templar  
  190  11:08  High Templar x3  
  198  11:13  Archon x2  
  198  11:15  Archon  
  198  11:16  Archon  
  170  11:26  Stalker x2  
  170  11:30  Tempest x2 (Chrono Boost)  
  170  11:31  Probe  
Tags
 
Add a new tag
Caveats
  • Supply blocks, unpowered buildings, or Contaminate may cause inaccurate times.
  • Supply counts are checked every 10 seconds.